 Dungeon Crawl Stone Soup version 0.30-a0-462-gd5975efbca (webtiles) character file.

Game seed: 8200174565512162986

5 Nedwor the Trooper (level 1, 0/18 HPs)
             Began as a Demonspawn Fighter on Dec 16, 2022.
             Slain by a kobold
             ... wielding a +2 whip of freezing
              (5 damage)
             ... on level 1 of the Dungeon.
             The game lasted 00:00:19 (194 turns).

Nedwor the Trooper (Demonspawn Fighter)              Turns: 194, Time: 00:00:20

Health: 0/18       AC:  6    Str: 16    XL:     1   Next: 66%
Magic:  1/1        EV:  8    Int:  9    God:
Gold:   11         SH:  4    Dex: 12    Spells: 0/0 levels left

rFire   . . .      SeeInvis .    a - +0 rapier
rCold   . . .      Faith    .    c - +0 buckler
rNeg    . . .      Spirit   .    b - +0 scale mail
rPois   .          Reflect  .    (no helmet)
rElec   .          Harm     .    (no cloak)
rCorr   .          Rampage  .    (no gloves)
Will    .....                    (no boots)
Stlth   ..........               (no amulet)
HPRegen 0.23/turn                (no ring)
MPRegen 0.07/turn                (no ring)

@: no status effects
A: no striking features
a: no special abilities


You were on level 1 of the Dungeon.
You visited 1 branch of the dungeon, and saw 1 of its levels.

You collected 11 gold pieces.

Inventory:

Hand Weapons
 a - a +0 rapier (weapon)
Armour
 b - a +0 scale mail (worn)
 c - a +0 buckler (worn)
Scrolls
 e - 2 scrolls of fear {unknown}
Potions
 d - a potion of might


   Skills:
 + Level 3.0 Fighting
 * Level 2.0 Short Blades
 + Level 2.7 Armour
 + Level 0.1 Dodging
 + Level 2.7 Shields


You couldn't memorise any spells.
You didn't know any spells.
Your spell library was empty.

Dungeon Overview and Level Annotations

Branches:
Dungeon (1/15)

Altars:


Message History

A kobold is nearby!
Found a leather armour.
A bat comes into view.
The kobold hits you with a +2 whip of freezing.
The kobold freezes you.
You hit the bat but do no damage. The bat hits you but does no damage.
You block the bat's attack.
The kobold hits you with a +2 whip of freezing.
The kobold freezes you. The bat hits you but does no damage.
You closely miss the bat. The bat hits you but does no damage. x2
The kobold hits you with a +2 whip of freezing.
The kobold freezes you.
You are too injured to fight recklessly!
You are too injured to fight recklessly!
You are too injured to fight recklessly!
You are too injured to fight recklessly!
You are too injured to fight recklessly!
You are too injured to fight recklessly!
You are too injured to fight recklessly!
You are too injured to fight recklessly!
You are too injured to fight recklessly!
You are too injured to fight recklessly!
There are monsters nearby!
There are monsters nearby!
You are too injured to fight recklessly!
Unknown command.
You are too injured to fight recklessly!
Unknown command.
You are too injured to fight recklessly!
Unknown command.
The kobold attacks as you move away! The kobold closely misses you.
You block the bat's attack. The bat closely misses you.
You barely miss the bat. The bat hits you but does no damage.
The kobold hits you with a +2 whip of freezing.
The kobold freezes you.
* * * LOW HITPOINT WARNING * * *
You barely miss the kobold. The kobold barely misses you.
You closely miss the kobold.
The kobold hits you with a +2 whip of freezing.
You die...

...# ...# ##.# ...####
#... # .. ......# #..#
.##.# ...##.#
#..##.... ...##.#
#....##. ...##.####
#....#.## .........#
#$.##...
##.##.#..#####..@#.#
#.##.#.......>.#Kb#
.....#.......>.##....#
##.#...........##[#..#
..##.###.#....# # #
.....# #.#..##...
..#### #.#...#.## .
#.#..#..# #....##..


You could see a bat and a kobold.

Vanquished Creatures
  A bat (D:1)
  A ball python (D:1)
  2 frilled lizards (D:1)
  2 kobolds (D:1)
6 creatures vanquished.

Notes
Turn   | Place    | Note
-------+----------+-------------------------------------------
     0 | D:1      | Nedwor the Demonspawn Fighter began the quest for the Orb.
     0 | D:1      | Reached XP level 1. HP: 18/18 MP: 1/1
   194 | D:1      | Slain by a kobold

Illustrated notes

Levels and vault maps discovered:
D:1:      minmay_arrival_widening_spiral_wide, layout_loops_cross,
          nicolae_eternal_life, minmay_domino_4

Skill      XL: |  1 |
---------------+----+-----
Short Blades   | 2 |  2.0
Fighting       | |  3.0
Armour         | |  2.7
Dodging        | |  0.1
Shields        | |  2.7

Action                   || total
-------------------------++-------
Melee: Rapier            ||    28
Armor: Scale mail        ||    16
Dodge: Dodged            ||    16
Block: Buckler           ||     8

Table legend: (Time is in decaauts)
 A = Elapsed time spent in this place.
 B = Non-inter-level travel time spent in this place.
 C = Inter-level travel time spent in this place.
 D = Time resting spent in this place.
 E = Time spent auto-exploring this place.
 F = Levels seen in this place.
 G = Mean time per level.
                   A        B        C        D        E       F      G
               +--------+--------+--------+--------+--------+-----+--------+
         Total |    198 |    198 |      0 |      0 |    145 |   1 |  198.0 |
       Dungeon |    198 |    198 |      0 |      0 |    145 |   1 |  198.0 |
               +--------+--------+--------+--------+--------+-----+--------+

Top non-repeatable levels by time:
     D:1: 198 daAuts
